 Dungeon Crawl Stone Soup version 0.31.0-11-ge490571c62 (webtiles) character file.

Game seed: 11986753724599551172

14546 Zdeegee the Slicer (level 11, -2/84 HPs)
             Began as a Demonspawn Brigand on Feb 1, 2024.
             Killed from afar by a kobold blastminer (25 damage)
             ... with an iron shot
             ... on level 2 of the Orcish Mines.
             The game lasted 00:30:16 (11085 turns).

Zdeegee the Slicer (Demonspawn Brigand)            Turns: 11085, Time: 00:30:17

Health: -2/84      AC: 11    Str: 12    XL:     11   Next: 90%
Magic:  11/11      EV: 22    Int: 11    God:
Gold:   723        SH:  0    Dex: 23    Spells: 8/10 levels left

rFire   . . .        l - +2 rapier
rCold   + . .        (no shield)
rNeg    . . .        P - +0 troll leather armour
rPois   +            (helmet unavailable)
rElec   .            H - +1 cloak of Shielding {rPois rC+ Dex+4}
rCorr   .            h - +2 pair of gloves
SInv    .            u - +0 pair of boots
Will    .....        (no amulet)
Stlth   ++++         k - ring of wizardry
HPRegen 1.14/turn    t - +5 ring of evasion
MPRegen 0.12/turn

%: wizardry (x1)
@: no status effects
A: horns 3, sharp scales 1, demonic magic 3
a: no special abilities


You were on level 2 of the Orcish Mines.
You visited 3 branches of the dungeon, and saw 12 of its levels.

You collected 816 gold pieces.
You spent 93 gold pieces at shops.

Inventory:

Hand Weapons
 a - a +2 dagger
 l - a +2 rapier (weapon)
Missiles
 e - 14 poisoned darts (quivered)
 f - 2 curare-tipped darts
 N - 3 atropa-tipped darts
Armour
 b - a +0 robe
 c - a +0 cloak
 d - a +2 robe
 h - a +2 pair of gloves (worn)
 j - an orb of wrath
 u - a +0 pair of boots (worn)
 w - a +0 buckler
 H - the +1 cloak of Shielding (worn) {rPois rC+ Dex+4}
   (You found it on level 6 of the Dungeon)

   Dex+4:     It affects your dexterity (+4).
   rC+:       It protects you from cold.
   rPois:     It protects you from poison
 O - a +1 leather armour of cold resistance
 P - a +0 troll leather armour (worn)
Magical Staves
 D - a staff of conjuration
Jewellery
 k - a ring of wizardry (left hand)
 r - a ring of ice
 t - a +5 ring of evasion (right hand)
 E - a ring of wizardry
 F - a ring of ice
Wands
 G - a wand of paralysis (3)
 K - a wand of iceblast (3)
 M - a wand of polymorph (9)
 Q - a wand of digging (4)
Scrolls
 g - 3 scrolls of vulnerability
 i - a scroll of silence
 n - a scroll of fog {unknown}
 s - a scroll of enchant armour {unknown}
 y - 5 scrolls of teleportation
 C - a scroll of revelation
 I - a scroll of acquirement {unknown}
 L - a scroll of amnesia {unknown}
 R - a scroll of summoning {unknown}
Potions
 m - 2 potions of curing
 o - a potion of invisibility {unknown}
 p - a potion of resistance {unknown}
 q - 3 potions of might {unknown}
 v - a potion of lignification {unknown}
 x - 2 potions of magic
 z - 2 potions of berserk rage
 A - a potion of haste {unknown}
 B - 2 potions of attraction
 J - 2 potions of ambrosia {unknown}
 S - a potion of brilliance {unknown}
 T - a potion of mutation {unknown}
 U - a potion of enlightenment {unknown}


   Skills:
 * Level 7.0 Fighting
 * Level 10.2 Short Blades
 + Level 2.9 Throwing
 * Level 5.8 Armour
 * Level 7.3 Dodging
 + Level 6.5 Stealth
 + Level 0.1 Spellcasting
 * Level 6.0 Hexes
 + Level 1.0 Translocations
 * Level 5.8 Evocations


You had 8 spell levels left.
You knew the following spells:

 Your Spells              Type           Power      Damage    Failure   Level
a - Blink                 Tloc           4%         N/A       17%         2

Your spell library contained the following spells:

 Spells                   Type           Power      Damage    Failure   Level
 Magic Dart               Conj           0%         1d3       17%         1
 Necrotise                Necr           0%         1d4       17%         1
 Lesser Beckoning         Tloc           4%         N/A       17%         2
 Momentum Strike          Conj/Tloc      2%         3d8       22%         2
 Call Imp                 Summ           0%         N/A       26%         2
 Gell's Gravitas          Tloc           2%         N/A       32%         3
 Teleport Other           Tloc           2%         N/A       32%         3
 Volatile Blastmotes      Fire/Tloc      2%         2d10      38%         3
 Vampiric Draining        Necr           0%         2d6       45%         3
 Iskenderun's Mystic Bla  Conj/Tloc      1%         2d3       78%         4
 Fulminant Prism          Conj/Alch      0%         3d5       85%         4
 Martyr's Knell           Necr/Summ      0%         N/A       85%         4
 Curse of Agony           Necr           0%         N/A       99%         5


Dungeon Overview and Level Annotations

Branches:
Dungeon (9/15)             Temple (1/1) D:6            Lair (0/5) D:8
    Orc (2/2) D:9             Elf (0/3) Orc:2

Altars:
Ashenzari
Cheibriados
Fedhas
Gozag
Kikubaaqudgha
Makhleb
Nemelex Xobeh
Okawaru
Qazlal
Ru
Sif Muna
Trog
Uskayaw
Vehumet
Wu Jian
Xom
Yredelemnul

Shops:
D:4 (   D:5 *:?(*


Innate Abilities, Weirdness & Mutations

You have a pair of large horns on your head.
You are partially covered in razor-sharp scales. (AC +1, Slay +1)
Spells you cast and wands you use may paralyse nearby enemies.


Message History

* * * LOW HITPOINT WARNING * * *
You are too injured to fight recklessly!
You feel better.
The kobold blastminer blasts its cannon at you.
The iron shot misses you.
Okay, then.
Aiming: Iceblast
Press: ? - help, Shift-Dir - straight line, f - kobold blastminer
Aim: a kobold blastminer, wielding a +0 arbalest (heavily wounded)
The mass of ice explodes!
The iceblast engulfs the kobold blastminer!!
You kill the kobold blastminer!
The iceblast engulfs the kobold blastminer!!
The kobold blastminer is heavily wounded.
Malevolent energies surge around you.
The kobold blastminer wields a +0 arbalest.
The kobold blastminer shoots a bolt.
The bolt completely misses you.
Your Fighting skill increases to level 7!
Your Hexes skill increases to level 6!
Aiming: Iceblast
Press: ? - help, Shift-Dir - straight line, f - kobold blastminer
Aim: a kobold blastminer, wielding a +0 arbalest (heavily wounded)
The mass of ice explodes!
The iceblast engulfs the kobold blastminer!
The kobold blastminer is almost dead.
Malevolent energies surge around you.
The kobold blastminer suddenly stops moving!
You are too injured to fight recklessly!
You are too injured to fight recklessly!
The kobold blastminer is no longer paralysed.
The kobold blastminer shoots a bolt.
The bolt completely misses you.
The kobold blastminer unwields a +0 arbalest.
The kobold blastminer misses you.
You see here a +0 giant spiked club.
You hit the kobold blastminer but do no damage.
Your headbutt misses the kobold blastminer.
The kobold blastminer is almost dead.
The kobold blastminer blasts its cannon at you.
The iron shot hits you!!
You die...

##...##.#.##.# ##..
##..........#.## #8..
###...#.##.#.#...###...
........#######....##''
#####....# ####....)
........## ###.8)
######...# #...
#....#K.## ##..
#8...)@).# ##.#.
#.######..##### #....
#.............# #....
############### #..#'
#.##. #.#.) #.#.. #.#..
#.##.


You could see a kobold blastminer.

Vanquished Creatures
  Nessos (Orc:2)
  3 two-headed ogres
  Pikel (D:4)
  An orc knight (Orc:2)
  6 kobold blastminers
  3 trolls
  A hornet (D:9)
  A jumping spider (D:9)
  Sigmund (D:5)
  10 yaks
  2 steam dragons
  2 wargs (Orc:2)
  An acid dragon (D:9)
  A water moccasin (D:6)
  A sky beast (D:8)
  2 black bears
  2 ice beasts (D:7)
  18 orc warriors
  2 wolves
  2 centaurs
  9 ogres
  3 kobold brigands
  2 bullfrogs
  2 gnoll sergeants
  A scorpion (D:4)
  4 wights (D:6)
  A killer bee (D:8)
  2 howler monkeys
  2 electric eels (D:8)
  2 bombardier beetles
  13 orc priests
  11 hounds
  3 jellies
  2 iguanas
  Natasha (twice) (D:3)
  20 orc wizards
  3 gnolls (D:4)
  10 adders
  3 white imps
  4 ufetubi
  3 dart slugs (D:4)
  67 orcs
  12 bats
  7 endoplasms
  9 goblins
  11 hobgoblins
  2 jackals (D:2)
  4 quokkas
  6 ball pythons
  3 frilled lizards
  19 kobolds
  11 rats
314 creatures vanquished.

Vanquished Creatures (others)
  2 orc wizards
2 creatures vanquished.

Grand Total: 316 creatures vanquished

Notes
Turn   | Place    | Note
-------+----------+-------------------------------------------
     0 | D:1      | Zdeegee the Demonspawn Brigand began the quest for the Orb.
     0 | D:1      | Reached XP level 1. HP: 16/16 MP: 1/1
   167 | D:1      | Reached skill level 1 in Dodging
   211 | D:1      | Gained mutation: Spells you cast may paralyse adjacent
                  | enemies. [demonic ancestry]
   211 | D:1      | Reached XP level 2. HP: 12/22 MP: 2/2
   905 | D:2      | Reached skill level 1 in Hexes
   965 | D:2      | Gained mutation: You have a pair of small horns on your
                  | head. [demonic ancestry]
   965 | D:2      | Reached XP level 3. HP: 26/27 MP: 3/3
  1118 | D:2      | Found a faded altar of an unknown god.
  1341 | D:2      | Reached skill level 2 in Short Blades
  1477 | D:2      | Noticed an ogre
  1505 | D:2      | Killed an ogre
  1506 | D:2      | Reached skill level 1 in Armour
  1506 | D:2      | Gained mutation: You have a pair of horns on your head.
                  | [demonic ancestry]
  1506 | D:2      | Reached XP level 4. HP: 34/34 MP: 4/4
  1797 | D:3      | Noticed Natasha
  1805 | D:3      | Killed Natasha
  1806 | D:3      | Reached XP level 5. HP: 27/39 MP: 5/5
  2004 | D:3      | Noticed Natasha
  2020 | D:3      | Killed Natasha
  2021 | D:3      | Reached skill level 3 in Short Blades
  2908 | D:4      | Gained mutation: You are partially covered in razor-sharp
                  | scales. (AC +1, Slay +1) [demonic ancestry]
  2908 | D:4      | Reached XP level 6. HP: 46/46 MP: 6/6
  3126 | D:4      | Found Feutuocza's Weapon Shop.
  3239 | D:4      | Reached skill level 4 in Short Blades
  3935 | D:5      | Entered Level 5 of the Dungeon
  3943 | D:5      | Gained mutation: Spells you cast may paralyse nearby
                  | enemies. [demonic ancestry]
  3943 | D:5      | Reached XP level 7. HP: 48/52 MP: 7/7
  4033 | D:5      | Noticed Pikel
  4067 | D:4      | Killed Pikel
  4068 | D:4      | Reached skill level 5 in Short Blades
  4068 | D:4      | Gained mutation: You have a pair of large horns on your
                  | head. [demonic ancestry]
  4068 | D:4      | Reached XP level 8. HP: 19/60 MP: 8/8
  4227 | D:5      | Found an iron altar of Okawaru.
  4236 | D:5      | Found Laakekk's Magic Scroll Boutique.
  4252 | D:5      | Noticed Sigmund
  4272 | D:5      | Reached skill level 5 in Stealth
  4426 | D:5      | Found Esomp's Book Shop.
  4462 | D:5      | Found Wionaa Riunu's General Store.
  4577 | D:5      | Killed Sigmund
  4595 | D:5      | Learned a level 2 spell: Blink
  4635 | D:5      | Found Giomn's Weapon Shoppe.
  4649 | D:5      | Found Isil's Assorted Antiques.
  4655 | D:5      | Bought a scroll labelled WIF ZOOSTIOB for 24 gold pieces
  4655 | D:5      | Bought a scroll labelled FEIR NI FUBLO for 24 gold pieces
  4655 | D:5      | Bought a scroll labelled HESOMU KOICONA for 24 gold pieces
  4655 | D:5      | Bought a coppery potion for 21 gold pieces
  4822 | D:5      | Reached skill level 6 in Short Blades
  5137 | D:6      | Identified the +1 cloak of Shielding {rPois rC+ Dex+4}
  5281 | D:6      | Gained mutation: Spells you cast and wands you use may
                  | paralyse nearby enemies. [demonic ancestry]
  5281 | D:6      | Reached XP level 9. HP: 65/65 MP: 9/9
  5373 | D:6      | Found a staircase to the Ecumenical Temple.
  5570 | Temple   | Entered the Ecumenical Temple
  5849 | D:6      | Reached skill level 1 in Evocations
  5884 | D:6      | Reached skill level 7 in Short Blades
  6133 | D:7      | Reached skill level 5 in Dodging
  6254 | D:7      | Noticed a troll
  6267 | D:7      | Killed a troll
  6680 | D:7      | Reached skill level 5 in Fighting
  6704 | D:7      | Reached skill level 8 in Short Blades
  7110 | D:7      | Reached XP level 10. HP: 74/74 MP: 10/10
  7633 | D:8      | Noticed a two-headed ogre
  7662 | D:7      | Killed a two-headed ogre
  7745 | D:8      | Found a sparkling altar of Nemelex Xobeh.
  7756 | D:8      | Found a burning altar of Makhleb.
  8069 | D:8      | Found a staircase to the Lair.
  8443 | D:9      | Found a staircase to the Orcish Mines.
  8447 | D:9      | Noticed a two-headed ogre
  8722 | D:9      | Killed a two-headed ogre
  8723 | D:9      | Reached skill level 9 in Short Blades
  8723 | D:9      | Reached skill level 5 in Hexes
  8784 | D:9      | Reached XP level 11. HP: 71/81 MP: 11/11
  8814 | D:9      | Found a sacrificial altar of Ru.
  8877 | D:9      | Noticed a two-headed ogre
  8884 | D:9      | Killed a two-headed ogre
  9148 | D:9      | Reached skill level 5 in Armour
  9264 | Orc:1    | Entered Level 1 of the Orcish Mines
  9309 | Orc:1    | Noticed an orc knight
  9315 | Orc:1    | an orc knight changed into a jumping spider
  9833 | Orc:1    | Reached skill level 5 in Evocations
 10275 | Orc:2    | Entered Level 2 of the Orcish Mines
 10276 | Orc:2    | Found a staircase to the Elven Halls.
 10484 | Orc:2    | Noticed Nessos
 10528 | Orc:2    | Killed Nessos
 10618 | Orc:2    | Reached skill level 1 in Translocations
 10655 | Orc:2    | Found a bloodstained altar of Trog.
 10828 | Orc:2    | Reached skill level 10 in Short Blades
 10890 | Orc:2    | Noticed an orc knight
 10911 | Orc:2    | Killed an orc knight
 10969 | Orc:2    | Noticed an orc warlord
 11085 | Orc:2    | Killed from afar by a kobold blastminer

Illustrated notes

Levels and vault maps discovered:
D:1:      minmay_arrival_radiant_lines, layout_basic, serial_bayou_ford_a,
          item_on_display_a
D:2:      layout_basic, hellmonk_ecumenical_altar_inner_sanctum
D:3:      layout_basic, nicolae_overflow_crystal_walls, uniq_natasha
D:4:      layout_loops_corners, serial_shops,
          nicolae_shop_pleasant_corner_grove, minmay_misc_feat_five
D:5:      layout_rooms, okawaru_metal_pillars_1_2, serial_shops,
          nicolae_square_shop, shop, shop, shop, nicolae_shop_tiny_glass,
          grunt_ministairs_13, mumra_transporter_accident, serial_bayou_pond_e,
          uniq_pikel, uniq_sigmund
D:6:      layout_loops_ring, minmay_temple_entry_grid
D:7:      minmay_angry_zag, layout_layer_cave, roderic_batcave
D:8:      layout_gridville, jmf_multi_god_temple2, erik_lair_island
D:9:      layout_roguey, mainiacjoe_overflow_paths, david_orc_2
Temple:   bh_familiar_temple
Orc:1:    layout_caves
Orc:2:    grunt_orc_community_town_hall, layout_caves,
          grunt_orc_community_big_house_1, grunt_orc_community_big_house_1,
          grunt_orc_community_house_1, grunt_orc_community_house_3,
          grunt_orc_community_house_2, grunt_orc_community_house_1,
          grunt_orc_community_house_2, basic_altar, mines1_david, uniq_nessos

Skill      XL: |  1  2  3  4  5  6  7  8  9 10 11 |
---------------+----------------------------------+-----
Dodging        | 1 2 3 4 5 6 7 |  7.3
Hexes          | 1 2 3 4 5 6 |  6.0
Stealth        | 4 5 6 |  6.5
Short Blades   | 2 3 4 5 6 8 9 10 | 10.2
Throwing       | 2 |  2.9
Armour         | 1 2 3 4 5 |  5.8
Fighting       | 3 4 5 7 |  7.0
Evocations     | 2 4 5 |  5.8
Translocations | 1 |  1.0
Spellcasting   | |  0.1

Action                     |  1- 3 |  4- 6 |  7- 9 | 10-12 || total
---------------------------+-------+-------+-------+-------++-------
  Melee: Dagger            |    20 |       |       |       ||    20
         Rapier            |    63 |   136 |   334 |   591 ||  1124
         Headbutt          |     4 |    28 |    82 |   146 ||   260
         Punch             |       |     1 |     6 |    10 ||    17
  Throw: Dart              |    13 |    18 |    13 |     6 ||    50
   Cast: Blink             |       |       |       |     4 ||     4
  Evoke: Wand              |       |       |     2 |    13 ||    15
    Use: Scroll            |       |     3 |     5 |     3 ||    11
         Potion            |       |     1 |     2 |     4 ||     7
   Stab: Sleeping          |    12 |    15 |     7 |     6 ||    40
         Distracted        |       |     1 |     1 |     1 ||     3
         Paralysed         |       |       |     2 |    10 ||    12
 Armour: Robe              |    49 |    67 |   156 |    13 ||   285
         Troll leather arm |       |       |       |   217 ||   217
         Skin              |       |       |       |    14 ||    14
  Dodge: Dodged            |    41 |    81 |   342 |   546 ||  1010
